 Dungeon Crawl Stone Soup version 0.28.0-47-ge53b351184 (webtiles) character file.

Game seed: 16940433839096569020

14739 Atelerd the Thaumaturge (level 12, -6/60 (64) HPs)
             Began as an Octopode Earth Elementalist on May 10, 2022.
             Was a Believer of Sif Muna.
             Killed from afar by Nergalle (37 damage)
             ... with a bolt of negative energy
             ... on level 1 of the Lair of Beasts.
             The game lasted 00:40:27 (19574 turns).

Atelerd the Thaumaturge (OpEE)                     Turns: 19574, Time: 00:40:28

HP:   -6/60 (64)    AC:  5    Str:  7    XL:     12   Next: 19%
MP:   29/37         EV: 14    Int: 24    God:    Sif Muna [**....]
Gold: 249           SH:  5    Dex: 13    Spells: 27/35 levels left

rFire   . . .      SeeInvis .   a - +0 dagger (vamp)
rCold   . . .      Faith    .   (no shield)
rNeg    . . .      Spirit   .   (helmet restricted)
rPois   .          Reflect  +   H - amulet of reflection
rElec   .          Harm     .   t - +4 ring of protection
rCorr   .          Rampage  .   I - ring of magical power
Will    .....                   (no ring)
Stlth   +++++.....              (no ring)
HPRegen 0.20/turn               (no ring)
MPRegen 0.25/turn               (no ring)
                                (no ring)
                                (no ring)

@: drained
A: almost no armour, amphibious, 8 rings, camouflage 1, gelatinous body 1,
(nimble swimmer 1), tentacles, antennae 1, fangs 1, clever 1, frail 1
a: Renounce Religion, Channel Magic


You were on level 1 of the Lair of Beasts.
You worshipped Sif Muna.
Sif Muna was pleased with you.
You visited 2 branches of the dungeon, and saw 12 of its levels.
You also visited: Ossuary.

You collected 863 gold pieces.
You spent 614 gold pieces at shops.

Inventory:

Hand Weapons
 a - a +0 vampiric dagger (weapon)
 b - the +7 hand axe "Wyneoxaxoth" {freeze, rN+ MP+9}
   (You found it on level 4 of the Dungeon)

   It freezes those it strikes, dealing additional cold damage.
   It can also slow down cold-blooded creatures.
   rN:        It protects you from negative energy.
   MP:        It affects your magic capacity (+9).
 e - the +5 mace of Ulaod {flame, rElec rF+ Str-5}
   (You found it on level 4 of the Dungeon)

   It burns those it strikes, dealing additional fire damage.
   Str:       It affects your strength (-5).
   rF:        It protects you from fire.
   rElec:     It insulates you from electricity.
 f - a +0 short sword
 p - the +7 mace "Unided" {vorpal, rPois rN+ Int+3 Dex-5 SInv}
   (You found it on level 4 of the Dungeon)

   It inflicts extra damage upon your enemies.
   Int:       It affects your intelligence (+3).
   Dex:       It affects your dexterity (-5).
   rPois:     It protects you from poison.
   rN:        It protects you from negative energy.
   SInv:      It lets you see invisible.
 x - a +0 dagger of venom
Missiles
 r - 95 stones
 s - 3 throwing nets
Armour
 G - a +0 buckler
Jewellery
 t - a +4 ring of protection (left tentacle)
 D - a ring of flight
 H - an amulet of reflection (around mantle)
 I - a ring of magical power (right tentacle)
Wands
 l - a wand of polymorph (8)
 y - a wand of iceblast (13)
 A - a wand of flame (19)
Scrolls
 c - 3 scrolls of magic mapping
 d - 2 scrolls of immolation
 g - 2 scrolls of holy word
 i - 2 scrolls of enchant armour {unknown}
 j - 3 scrolls of blinking
 k - a scroll of summoning
 m - 2 scrolls of amnesia
 n - 3 scrolls of teleportation
 w - 3 scrolls of fog
 C - a scroll of fear
 F - 8 scrolls of identify
Potions
 h - a potion of attraction
 o - 3 potions of might
 q - 2 potions of haste {unknown}
 u - a potion of flight {unknown}
 v - a potion of magic {unknown}
 z - 3 potions of berserk rage {unknown}
 B - 3 potions of lignification {unknown}
 E - 3 potions of degeneration {unknown}
 J - a potion of ambrosia {unknown}
 K - a potion of curing


   Skills:
 - Level 3.0 Fighting
 - Level 4.0 Short Blades
 - Level 5.0 Dodging
 - Level 8.0 Stealth
 - Level 4.0 Shields
 - Level 0.9 Unarmed Combat
 + Level 12.1 Spellcasting
 - Level 4.0 Transmutations
 - Level 2.0 Ice Magic
 - Level 8.0 Earth Magic
 - Level 7.0 Invocations


You had 27 spell levels left.
You knew the following spells:

 Your Spells              Type           Power      Damage    Failure   Level
a - Sandblast             Erth           100%       2d20      1%          1
p - Petrify               Tmut/Erth      43%        N/A       3%          4
u - Ozocubu's Armour      Ice            24%        N/A       5%          3

Your spell library contained the following spells:

 Spells                   Type           Power      Damage    Failure   Level
 Passwall                 Tmut/Erth      35%        N/A       1%          2
 Stone Arrow              Conj/Erth      66%        3d11      2%          3
 Foxfire                  Conj/Fire      56%        2x1d6     4%          1
 Conjure Flame            Conj/Fire      14%        6-21      13%         3
 Inner Flame              Hex/Fire       14%        N/A       13%         3
 Flame Wave               Conj/Fire      14%        2d6       38%         4
 Ozocubu's Refrigeration  Ice            12%        4d7       100%        7


Dungeon Overview and Level Annotations

Branches:
Dungeon (11/15)            Temple (0/1) D:6            Lair (1/6) D:10
Ossuary (visited)
    Orc: D:9-12

Altars:
Ashenzari
Cheibriados
Dithmenos
Elyvilon
Gozag
Nemelex Xobeh
Okawaru
Qazlal
Sif Muna
Uskayaw
Vehumet
Xom
Yredelemnul

Shops:
D:5 ::   D:6 *   D:8 =   D:9 ?

Annotations:
D:1 exclusion: downstairs
D:2 exclusion: downstairs
D:6 1 runed translucent door, crawlogic's ghost, novice HOBe
D:7 exclusion: downstairs
D:9 exclusion: downstairs
Lair:1 Nergalle


Innate Abilities, Weirdness & Mutations

You cannot wear most types of armour.
You are amphibious.
You can wear up to eight rings at the same time.
Your skin changes colour to match your surroundings (Stealth+).
Your rubbery body absorbs attacks. (AC +1, EV +1)
((You are camouflaged when in or above water. (Stealth+)))
You have tentacles for arms and can constrict up to eight enemies at once.
You have a pair of small antennae on your head.
You have very sharp teeth.
Your mind is acute. (Int +2)
You are frail. (-10% HP)


Message History

The blast of sand hits the blink frog!
The blink frog is moderately wounded.
The blink frog croaks.
The blink frog gives a loud, deep croak! x2
The blast of sand hits the blink frog!!!
You kill the blink frog!
Sif Muna accepts your kill.
The blink frog gives a loud, deep croak!
You hear a shout!
You can't see any susceptible monsters within range! (Use Z to cast anyway.)
You can't see any susceptible monsters within range! (Use Z to cast anyway.)
You can't see any susceptible monsters within range! (Use Z to cast anyway.)
The blink frog blinks!
The blast of sand misses the blink frog.
Nergalle the Soulbinder comes into view.
She is wielding a +0 dagger.
The blink frog completely misses you.
The blast of sand hits the blink frog!!
The blink frog is heavily wounded.
The blink frog blinks!
The blink frog hits you!
The blink frog blinks!
The blast of sand misses the blink frog.
The blink frog barely misses you. The blink frog hits you!
The blink frog hits you but does no damage.
Nergalle points at you and mumbles some strange words.
Orcish apparitions take form around you.
The blink frog closely misses you.
You hear a loud, deep croak!
The blink frog blinks! x2
The blink frog blinks!
The blink frog hits you!
The blink frog blinks!
The spectral orc warrior closely misses you.
The blink frog blinks!
There is a stone staircase leading down here.
The blink frog blinks!
Nergalle points at you and mumbles some strange words.
The bolt of negative energy hits the spectral orc warrior.
The spectral orc warrior completely resists.
The bolt of negative energy hits you!!!
You feel drained.
Ouch! That really hurt!
You die...

#.##......## ##........##
#.........# # ##........##
.# #........## #.#
#.#......#######..#
########.......F.........#
..#.#....................#..
....#.........F.@Z...o......
.....#.†........§..§........
..##...P........§.#..#...#..
......##............#..F....
.........................#..
..............P#......##P# .
#.............P##.....# #
##...#........##.######
#..#........####


You could see Nergalle, a spectral orc warrior (summoned) and 3 blink frogs.

Vanquished Creatures
  A hydra (D:9)
  4 two-headed ogres
  Pikel (D:4)
  Joseph (D:7)
  2 komodo dragons
  4 cane toads (Lair:1)
  Grinder (D:4)
  A slime creature (D:9)
  A hornet (D:9)
  A blink frog (Lair:1)
  Sigmund (D:4)
  2 wyverns
  17 yaks
  A shadow (D:10)
  A wraith (D:9)
  A human (D:5)
  A steam dragon (D:9)
  5 vampire mosquitoes
  A basilisk (D:10)
  Edmund (D:5)
  6 water moccasins
  An orc warrior (D:9)
  A sky beast (D:5)
  2 black bears
  An ogre (D:2)
  A necrophage (D:4)
  5 centaurs
  3 kobold brigands
  2 wyvern zombies
  4 bullfrogs
  A gnoll sergeant (D:9)
  3 scorpions
  A water moccasin skeleton (D:6)
  The ghost of Mindmass the Skirmisher, a weakling MiBe of Trog (D:3)
  4 killer bees (D:9)
  9 wights
  4 centaur zombies
  3 hounds
  A jelly (D:7)
  Crazy Yiuf (D:4)
  2 orc priests
  2 bullfrog zombies
  4 centaur skeletons
  A gnoll shaman (D:4)
  Ijyb (D:3)
  Terence (D:3)
  2 iguanas
  9 orc wizards
  2 hound skeletons
  9 mummies
  2 howler monkey zombies (D:9)
  Robin (D:4)
  11 gnolls
  A howler monkey skeleton (D:7)
  11 adders
  2 white imps
  An ufetubus (D:7)
  An adder zombie (D:5)
  5 worms
  8 dart slugs
  24 orcs
  7 bats
  5 endoplasms
  5 giant cockroaches
  18 goblins
  8 hobgoblins
  6 jackals
  3 quokkas
  5 ball pythons
  3 frilled lizards
  A goblin zombie (D:4)
  5 hobgoblin zombies (Ossuary)
  A jackal zombie (D:5)
  20 kobolds
  4 kobold zombies
  An orc zombie (Ossuary)
  8 rats
302 creatures vanquished.

Vanquished Creatures (others)
  A quokka (D:6)
  3 bushes (D:10)
  17 plants (D:10)
21 creatures vanquished.

Grand Total: 323 creatures vanquished

Notes
Turn   | Place    | Note
-------+----------+-------------------------------------------
     0 | D:1      | Atelerd the Octopode Earth Elementalist began the quest for
                  | the Orb.
     0 | D:1      | Reached XP level 1. HP: 11/11 MP: 3/3
   329 | D:1      | Reached XP level 2. HP: 17/17 MP: 3/5
   946 | D:2      | Reached XP level 3. HP: 21/21 MP: 1/6
  1539 | D:2      | Reached XP level 4. HP: 22/27 MP: 4/7
  1669 | D:2      | Noticed an ogre
  2302 | D:2      | Killed an ogre
  2303 | D:2      | Reached skill level 3 in Spellcasting
  2303 | D:2      | Reached XP level 5. HP: 20/31 MP: 4/9
  2765 | D:2      | Found a faded altar of an unknown god.
  2884 | D:2      | Reached skill level 5 in Earth Magic
  2884 | D:2      | Reached XP level 6. HP: 30/36 MP: 7/11
  3014 | D:3      | Found a runed translucent gate.
  3015 | D:3      | Found a runed translucent gate.
  3016 | D:3      | Found a runed translucent gate.
  3016 | D:3      | Noticed a water moccasin
  3021 | D:3      | Noticed Mindmass's ghost (weakling MiBe)
  3221 | D:3      | Found a hide-covered altar of Uskayaw.
  3382 | D:3      | Noticed Ijyb
  3398 | D:3      | Killed Ijyb
  3867 | D:3      | Noticed Terence
  4195 | D:4      | Learned a level 4 spell: Petrify
  4200 | D:4      | Found a shadowy altar of Dithmenos.
  4227 | D:4      | Noticed Pikel
  4241 | D:4      | Found a sand-covered staircase.
  4249 | Ossuary  | Entered an ossuary
  4371 | Ossuary  | Reached skill level 4 in Spellcasting
  4406 | Ossuary  | Reached XP level 7. HP: 22/41 MP: 3/13
  4678 | D:4      | Killed Pikel
  4686 | D:4      | Reached XP level 8. HP: 39/46 MP: 3/15
  4693 | D:4      | Noticed Robin
  4710 | D:4      | HP: 2/46 [goblin/+0 dagger[Robin] (2)]
  4711 | D:4      | Gained mutation: Your flesh is heat resistant. (rF+)
                  | [potion of mutation]
  4711 | D:4      | Gained mutation: Your body sometimes deteriorates upon
                  | taking damage. [potion of mutation]
  4711 | D:4      | Gained mutation: You have hidden genetic potential. [potion
                  | of mutation]
  4718 | D:4      | Killed Robin
  5072 | D:4      | Reached skill level 5 in Spellcasting
  5127 | D:4      | Found a stormy altar of Qazlal.
  5201 | D:4      | Noticed Grinder
  5212 | D:4      | Killed Grinder
  5494 | D:4      | Reached skill level 5 in Stealth
  5516 | D:4      | Identified the +7 hand axe "Wyneoxaxoth" {freeze, rN+ MP+9}
  5723 | D:4      | Identified the +5 mace of Ulaod {flame, rElec rF+ Str-5}
  5727 | D:4      | Identified the +7 mace "Unided" {vorpal, rPois rN+ Int+3
                  | Dex-5 SInv}
  5732 | D:4      | Found a runed translucent door.
  5733 | D:4      | Noticed Crazy Yiuf
  5745 | D:4      | Killed Crazy Yiuf
  5858 | D:4      | Noticed Sigmund
  5873 | D:4      | Killed Sigmund
  5874 | D:4      | Reached skill level 6 in Spellcasting
  6172 | D:4      | Found a snail-covered altar of Cheibriados.
  6258 | D:5      | Entered Level 5 of the Dungeon
  6490 | D:4      | Learned a level 3 spell: Ozocubu's Armour
  6502 | D:5      | HP: 1/46 [dart slug/slug dart (5)]
  6902 | D:4      | Lost mutation: Your body sometimes deteriorates upon taking
                  | damage. [potion of mutation]
  6902 | D:4      | Lost mutation: You have hidden genetic potential. [potion
                  | of mutation]
  6902 | D:4      | Lost mutation: Your flesh is heat resistant. (rF+) [potion
                  | of mutation]
  6902 | D:4      | Gained mutation: You are frail. (-10% HP) [potion of
                  | mutation]
  6902 | D:4      | Gained mutation: You sometimes lose the ability to read
                  | scrolls when taking damage. [potion of mutation]
  6902 | D:4      | Gained mutation: A frigid envelope surrounds you and
                  | freezes all who hurt you. [potion of mutation]
  6903 | D:4      | Lost mutation: A frigid envelope surrounds you and freezes
                  | all who hurt you. [potion of mutation]
  6903 | D:4      | Lost mutation: You sometimes lose the ability to read
                  | scrolls when taking damage. [potion of mutation]
  6903 | D:4      | Gained mutation: Your mind is acute. (Int +2) [potion of
                  | mutation]
  6903 | D:4      | Gained mutation: You have a pair of small antennae on your
                  | head. [potion of mutation]
  6903 | D:4      | Gained mutation: You have very sharp teeth. [potion of
                  | mutation]
  7033 | D:5      | Found a radiant altar of Vehumet.
  7188 | D:5      | Found an opulent altar of Gozag.
  7215 | D:5      | Found a runed translucent door.
  7216 | D:5      | Found a basalt altar of Yredelemnul.
  7256 | D:5      | Reached XP level 9. HP: 34/45 MP: 13/18
  7515 | D:5      | Reached skill level 7 in Spellcasting
  7689 | D:5      | Found Vumeog Bake's Book Emporium.
  7803 | D:5      | Found Toont's Self-Improvement Boutique.
  7819 | D:5      | Noticed Edmund
  8046 | D:5      | Killed Edmund
  8731 | D:5      | Reached skill level 8 in Spellcasting
  8743 | D:5      | Reached skill level 1 in Fighting
  8743 | D:5      | Reached skill level 1 in Ice Magic
  8754 | D:5      | Reached skill level 1 in Short Blades
  9190 | D:3      | Killed Terence
 10076 | D:3      | Killed Mindmass's ghost
 10349 | D:6      | Found a runed translucent door.
 10351 | D:6      | Noticed crawlogic's ghost (novice HOBe)
 10398 | D:6      | Found Poyleod's Fire Supplies.
 10423 | D:6      | Found a white marble altar of Elyvilon.
 10446 | D:6      | Reached XP level 10. HP: 54/54 MP: 22/22
 10609 | D:6      | Found a sparkling altar of Nemelex Xobeh.
 10703 | D:6      | Found a shimmering blue altar of Sif Muna.
 10858 | D:6      | You fall into a shaft and drop 3 floors!
 11203 | D:9      | Found Asho's Magic Scroll Boutique.
 11209 | D:9      | Bought a scroll of blinking for 90 gold pieces
 11209 | D:9      | Bought a scroll of fog for 24 gold pieces
 11209 | D:9      | Bought a scroll of blinking for 90 gold pieces
 11209 | D:9      | Bought a scroll of teleportation for 36 gold pieces
 11209 | D:9      | Bought a scroll of fear for 42 gold pieces
 11209 | D:9      | Bought a scroll of noise for 12 gold pieces
 11527 | D:9      | Noticed a seven-headed hydra
 11697 | D:9      | Found a shimmering altar of Xom.
 12141 | D:9      | Reached skill level 5 in Dodging
 12555 | D:7      | Found a broken altar of Ashenzari.
 13231 | D:7      | Noticed Joseph
 13244 | D:7      | Killed Joseph
 13850 | D:6      | Became a worshipper of Sif Muna the Loreminder
 14042 | D:6      | Found a staircase to the Ecumenical Temple.
 14944 | D:8      | Noticed a two-headed ogre
 14964 | D:7      | Killed a two-headed ogre
 14965 | D:7      | Reached skill level 1 in Shields
 14965 | D:7      | Reached skill level 9 in Spellcasting
 15263 | D:8      | Found Abiafoarph's Jewellery Shop.
 15270 | D:8      | Bought a ring of magical power for 320 gold pieces
 15317 | D:8      | Noticed a two-headed ogre
 15331 | D:8      | Killed a two-headed ogre
 15332 | D:8      | Reached XP level 11. HP: 60/60 MP: 24/24
 16361 | D:9      | Reached * piety under Sif Muna
 16404 | D:9      | Killed a seven-headed hydra
 16405 | D:9      | Reached skill level 5 in Invocations
 17177 | D:10     | Entered Level 10 of the Dungeon
 17871 | D:10     | Found a staircase to the Lair.
 17903 | D:10     | Noticed a two-headed ogre
 17914 | D:10     | Killed a two-headed ogre
 17915 | D:10     | Reached skill level 10 in Spellcasting
 18066 | D:10     | Found an iron altar of Okawaru.
 18232 | D:10     | Reached ** piety under Sif Muna
 18526 | D:10     | Noticed a two-headed ogre
 18534 | D:10     | Killed a two-headed ogre
 18535 | D:10     | Reached skill level 11 in Spellcasting
 18883 | D:11     | Reached XP level 12. HP: 16/64 MP: 21/27
 19402 | Lair:1   | Entered Level 1 of the Lair of Beasts
 19555 | Lair:1   | Reached skill level 12 in Spellcasting
 19566 | Lair:1   | Noticed Nergalle
 19574 | Lair:1   | Killed from afar by Nergalle

Illustrated notes

Levels and vault maps discovered:
D:1:      psy_arrival_whirlpool, layout_basic, grunt_decor_resistance
D:2:      layout_basic, hellmonk_ecumenical_altar_inner_sanctum
D:3:      minmay_chambers_of_threes, layout_loops_corners,
          general_overflow_altar, gammafunk_ghost_split, uniq_terence, uniq_ijyb
D:4:      layout_rooms, cheibrodos_worm_habitat,
          nicolae_qazlal_general_emergency,
          nicolae_dithmenos_through_a_glass_darkly, serial_glass,
          glass_columns_a, glass_columns_a, glass_columns_c, glass_columns_a,
          glass_columns_b, glass_columns_b, feat_on_display,
          minmay_strange_pillars, feat_on_display, nicolae_ossuary_entry_giza,
          grunt_ministairs_13, serial_park_tiny_2, hangedman_glass_teeth,
          chequers_serial_rivers_marsh, uniq_robin, uniq_sigmund, uniq_grinder,
          uniq_crazy_yiuf_cottage, uniq_pikel
D:5:      layout_layer_cave, dk_yredelemnul_ordeal, nicolae_vehumet_altar_sigil,
          grunt_gozag_breadcrumbs, serial_shops, nicolae_shop_hallway_plus,
          chequers_serial_rivers_large_b, nicolae_shop_self_help, uniq_edmund
D:6:      layout_basic, nemelex_diamond_rough_becter,
          mainiacjoe_overflow_brackets, elyvilon_altar_4,
          minmay_temple_entry_waves, ebering_ghost_inner_flame,
          nicolae_shop_fire_sale [nicolae_sub_dead_trees], grunt_decor_cap,
          lemuel_flamethrower_1
D:7:      layout_layer_cave, cheibrodos_ashenzari_chains, uniq_joseph
D:8:      layout_loops_ring, serial_shops, nicolae_shop_crystal, st_stairs_14
D:9:      minmay_spotlight, layout_basic, tgw_xom, serial_shops, shop,
          kennysheep_generic_room_8
D:10:     layout_basic, kennysheep_okawaru_gauntlet, minmay_lair_entry_grove
D:11:     minmay_the_grid_octo_tiled_squarecenter_mashed
          [minmay_the_grid_octo_checkered, minmay_the_grid_octo_clover,
          minmay_the_grid_octo_fan_narrow, minmay_the_grid_octo_77,
          minmay_the_grid_square_5x5_megaprize_open,
          minmay_the_grid_square_5x5_shrine1, minmay_the_grid_square_5x5_comb,
          minmay_the_grid_square_5x5_bridge,
          minmay_the_grid_square_5x5_two_walls_b], layout_basic, orc_david_3,
          serial_shops, nicolae_shop_advertising_works
          [nicolae_subvault_shop_adworks], zin_academy
Lair:1:   layout_cave_shapes, special_room [special_room_bee],
          columned_hall_lemuel, beast_lair_carwin_6, uniq_nergalle

Skill      XL: |  1  2  3  4  5  6  7  8  9 10 11 12 |
---------------+-------------------------------------+-----
Earth Magic    | 4 5 6 8 |  8.0
Spellcasting   | 3 4 6 8 9 11 12 | 12.1
Transmutations | 2 3 4 |  4.0
Stealth        | 5 8 |  8.0
Fighting       | 2 3 |  3.0
Ice Magic      | 2 |  2.0
Short Blades   | 2 4 |  4.0
Dodging        | 3 5 |  5.0
Shields        | 2 4 |  4.0
Invocations    | 4 7 |  7.0
Unarmed Combat | |  0.9

Action                   |  1- 3 |  4- 6 |  7- 9 | 10-12 || total
-------------------------+-------+-------+-------+-------++-------
Melee: Unarmed           |    26 |     9 |       |       ||    35
       Constrict         |     9 |    12 |    39 |    44 ||   104
       Tentacles         |     6 |    14 |    62 |   120 ||   202
       Short sword       |       |    32 |    11 |       ||    43
       Punch             |       |     1 |     7 |     8 ||    16
       Hand axe          |       |       |    92 |    78 ||   170
       Dagger            |       |       |    92 |   248 ||   340
       Bite              |       |       |    26 |    63 ||    89
 Cast: Sandblast         |    35 |    80 |    41 |    60 ||   216
       Petrify           |       |     1 |    29 |    84 ||   114
       Ozocubu's Armour  |       |       |       |     2 ||     2
Evoke: Wand              |       |       |    10 |     4 ||    14
  Use: Scroll            |       |     2 |     2 |     3 ||     7
       Potion            |       |       |     8 |     1 ||     9
 Stab: Sleeping          |     1 |     5 |    19 |    11 ||    36
       Petrified         |       |       |    60 |   102 ||   162
       Distracted        |       |       |     1 |     1 ||     2
       Petrifying        |       |       |     1 |    17 ||    18
Armor: Skin              |     2 |    14 |    15 |    29 ||    60
Dodge: Dodged            |    22 |    89 |   130 |   159 ||   400
Block: Other             |       |       |       |    30 ||    30
       Reflection        |       |       |       |     2 ||     2
